 Dungeon Crawl Stone Soup version 0.21.1-1-g345015f (webtiles) character file.

198 tidbits the Grave Robber (level 5, -4/37 HPs)
             Began as a Gnoll Necromancer on June 21, 2018.
             Slain by a sky beast (6 damage)
             ... on level 5 of the Dungeon.
             The game lasted 00:07:58 (729 turns).

tidbits the Grave Robber (Gnoll Necromancer)         Turns: 729, Time: 00:07:59

Health: -4/37      AC:  2    Str: 11    XL:     5   Next: 77%
Magic:  4/12       EV: 15    Int: 18    God:
Gold:   44         SH:  0    Dex: 15    Spells: 5/14 levels left

rFire    . . .     SeeInvis .   p - +3 quarterstaff
rCold    . . .     Gourm    .   (shield currently unavailable)
rNeg     . . .     Faith    .   a - +0 robe
rPois    .         Spirit   .   (no helmet)
rElec    .         Reflect  .   (no cloak)
rCorr    .         Harm     .   (no gloves)
MR       .....                  (no boots)
Stlth    +++.......             (no amulet)
HPRegen  1.12/turn              (no ring)
MPRegen  0.13/turn              (no ring)

@: regenerating
A: distributed training, fangs 1, strong nose
a: no special abilities


You were on level 5 of the Dungeon.
You were not hungry.

You visited 1 branch of the dungeon, and saw 6 of its levels.

You collected 44 gold pieces.

Inventory:

Hand Weapons
 d - a +0 dagger
 k - a +0 morningstar
 m - a +0 war axe
 n - a +0 dagger of protection
   (You took it off an orc on level 5 of the Dungeon)
 p - a +3 quarterstaff (weapon)
Missiles
 g - 77 arrows
Armour
 a - a +0 robe (worn)
 o - a +0 ring mail
Wands
 j - a wand of digging (14)
Scrolls
 e - a scroll of teleportation {unknown}
 f - 2 scrolls of identify {unknown}
 l - a scroll of amnesia {unknown}
 q - a scroll of noise {unknown}
 r - a scroll of remove curse
Potions
 i - 4 potions of curing
Books
 b - a book of Necromancy

   Spells                             Type                      Level
   a - Pain                           Necromancy                   1
   b - Animate Skeleton               Necromancy                   1
   c - Vampiric Draining              Necromancy                   3
   d - Regeneration                   Charms/Necromancy            3
   e - Animate Dead                   Necromancy                   4
   f - Borgnjor's Vile Clutch         Necromancy/Earth             5
 h - a book of Cantrips
   (You found it on level 2 of the Dungeon)

   Spells                             Type                      Level
   a - Confusing Touch                Hexes                        1
   b - Animate Skeleton               Necromancy                   1
   c - Summon Small Mammal            Summoning                    1
   d - Apportation                    Translocation                1
Comestibles
 c - 3 rations


   Skills:
 + Level 1.6 Fighting
 + Level 1.6 Short Blades
 + Level 1.6 Long Blades
 + Level 1.6 Axes
 + Level 1.6 Maces & Flails
 + Level 1.6 Polearms
 + Level 1.6 Staves
 + Level 1.6 Slings
 + Level 1.6 Bows
 + Level 1.6 Crossbows
 + Level 1.6 Throwing
 + Level 1.6 Armour
 + Level 4.8 Dodging
 + Level 4.4 Stealth
 + Level 1.6 Shields
 + Level 1.6 Unarmed Combat
 + Level 5.2 Spellcasting
 + Level 1.2 Conjurations
 + Level 1.2 Hexes
 + Level 1.2 Charms
 + Level 1.2 Summonings
 + Level 7.2 Necromancy
 + Level 1.2 Translocations
 + Level 1.2 Transmutations
 + Level 1.2 Fire Magic
 + Level 1.2 Ice Magic
 + Level 1.2 Air Magic
 + Level 1.2 Earth Magic
 + Level 1.2 Poison Magic
 + Level 1.8 Invocations
 + Level 1.6 Evocations


You had 5 spell levels left.
You knew the following spells:

 Your Spells              Type           Power        Failure   Level  Hunger
a - Pain                  Necr           ####         1%          1    None
d - Vampiric Draining     Necr           ####......   1%          3    ##.....
n - Animate Skeleton      Necr           N/A          1%          1    None
r - Regeneration          Chrm/Necr      ###.......   7%          3    ##.....
A - Apportation           Tloc           #.....       8%          1    None


Dungeon Overview and Level Annotations

Branches:
Dungeon (6/15)
 Temple: D:4-7

Altars:

Annotations:
D:5 Sigmund


Innate Abilities, Weirdness & Mutations

Your experience applies equally to all skills.
You have very sharp teeth.
Your uncanny sense of smell can sniff out nearby items.


Message History

You see here a scroll labeled BOBILA IFANK.
f - 2 scrolls labeled BOBILA IFANK (gained 1)
A shadow imp comes into view.
Found 16 gold pieces.
You see here 9 gold pieces.
You now have 28 gold pieces (gained 9).
You see here 16 gold pieces.
You now have 44 gold pieces (gained 16).
There is a stone staircase leading down here.
You climb downwards.
There is a stone staircase leading up here.
Unknown command.
Unknown command.
An adder comes into view.
Casting: Pain
Confirm with . or Enter, or press ? or * to list all spells.
Aiming: Pain
Press: ? - help, Shift-Dir - straight line, f - adder
Aim: an adder (resting, chance to defeat MR: 89%)
The adder hisses angrily.
The adder writhes in agony!
A sky beast comes into view.
Casting: Pain
Confirm with . or Enter, or press ? or * to list all spells.
Aiming: Pain
Press: ? - help, Shift-Dir - straight line, f/p - adder
Aim: an adder (moderately wounded, chance to defeat MR: 89%)
The adder writhes in agony!
The adder barely misses you.
The sky beast flickers out of sight!
Casting: Pain
Confirm with . or Enter, or press ? or * to list all spells.
Aiming: Pain
Press: ? - help, Shift-Dir - straight line, f/p - adder
Aim: an adder (severely wounded, chance to defeat MR: 89%)
The adder writhes in agony!
You kill the adder!
There is a stone staircase leading up here.
A sky beast appears from thin air!
You climb upwards.
There is a stone staircase leading down here.
Found a ring mail.
Found 14 stones.
Sigmund the Dreaded comes into view.
He is wielding a scythe.
Sigmund shouts!
Wield which item (- for none, * to show all)? (? for menu, Esc to quit)
p - a +3 quarterstaff (weapon)
Sigmund says, "You will soon forget everything."
Sigmund casts a spell at you. The magic dart hits you!
A sky beast comes into view.
Sigmund casts a spell at you. The magic dart hits you!
* * * LOW HITPOINT WARNING * * *
Okay, then.
Casting: Pain
Confirm with . or Enter, or press ? or * to list all spells.
Your skin crawls.
A scorpion comes into view.
Casting: Regeneration
Confirm with . or Enter, or press ? or * to list all spells.
Aiming: Pain
Press: ? - help, Shift-Dir - straight line, f - Sigmund
Aim: Sigmund, wielding a scythe and wearing an embroidered robe (chance to defeat MR: 89%) Sigmund writhes in agony!
A leopard gecko comes into view.
Casting: Pain
Confirm with . or Enter, or press ? or * to list all spells.
Aiming: Pain
Press: ? - help, Shift-Dir - straight line, f/p - Sigmund
Aim: Sigmund, wielding a scythe and wearing an embroidered robe (moderately wounded, chance to defeat MR: 89%) Sigmund writhes in agony!
Sigmund hits you from afar with a scythe!
* * * LOW HITPOINT WARNING * * *
The sky beast flickers out of sight!
Casting: Pain
Confirm with . or Enter, or press ? or * to list all spells.
Aiming: Pain
Press: ? - help, Shift-Dir - straight line, f/p - Sigmund
Aim: Sigmund, wielding a scythe and wearing an embroidered robe (heavily wounded, chance to defeat MR: 89%) Sigmund barely resists.
Sigmund gestures at you while chanting. The magic dart hits you!
* * * LOW HITPOINT WARNING * * *
Casting: Pain
Confirm with . or Enter, or press ? or * to list all spells.
Aiming: Pain
Press: ? - help, Shift-Dir - straight line, f/p - Sigmund
Aim: Sigmund, wielding a scythe and wearing an embroidered robe (heavily wounded, chance to defeat MR: 89%) Sigmund writhes in agony!
Sigmund gestures at you while chanting.
Casting: Pain
Confirm with . or Enter, or press ? or * to list all spells.
Aiming: Pain
Press: ? - help, Shift-Dir - straight line, f/p - Sigmund
Aim: Sigmund, wielding a scythe and wearing an embroidered robe (almost dead, chance to defeat MR: 89%) Sigmund writhes in agony!
Something hits you.
* * * LOW HITPOINT WARNING * * *
Something shocks you.
You die...

#....#..# ###....#...
..####..## ##....... #
##..# ##...... ##..###
##...... .
##.....###....... ...
###...##.........##
....##....####........##
.........## ##.........#
....(s.@.# #.......#..#
....l@...# #.##..####..
.........# #. #..# #..
....###..# .# #..# #..
... ###. .. .#.. #.# ..
#### ###### ..# # #.##
##


You could see Sigmund, a scorpion and a leopard gecko.

Vanquished Creatures
  A phantom (D:4)
  The ghost of Iko the Chucker, a weakling VSHu (D:4)
  A worker ant (D:4)
  2 adders
  A dart slug (D:1)
  A leopard gecko (D:1)
  5 orcs (D:5)
  3 giant cockroaches
  3 goblins
  2 quokkas (D:4)
  A ball python (D:1)
  3 bats
  A frilled lizard (D:2)
  3 kobolds (D:1)
  A rat (D:2)
29 creatures vanquished.

Notes
Turn   | Place    | Note
-------+----------+-------------------------------------------
     0 | D:1      | tidbits the Gnoll Necromancer began the quest for the Orb.
     0 | D:1      | Reached XP level 1. HP: 13/13 MP: 6/6
    33 | D:1      | Reached XP level 2. HP: 7/19 MP: 0/7
    36 | D:1      | Learned a level 1 spell: Animate Skeleton
   112 | D:2      | Learned a level 1 spell: Apportation
   247 | D:5      | Entered Level 5 of the Dungeon
   256 | D:5      | Reached XP level 3. HP: 4/25 MP: 1/9
   261 | D:5      | Reached skill level 5 in Spellcasting
   287 | D:4      | Noticed a phantom
   292 | D:4      | HP: 1/25 [phantom (8)]
   297 | D:4      | Learned a level 3 spell: Regeneration
   351 | D:5      | Learned a level 3 spell: Vampiric Draining
   467 | D:3      | Reached skill level 1 in Invocations
   488 | D:4      | Noticed Iko's ghost (weakling VSHu)
   494 | D:4      | Killed Iko's ghost
   494 | D:4      | Reached skill level 1 in Fighting
   494 | D:4      | Reached skill level 1 in Short Blades
   494 | D:4      | Reached skill level 1 in Long Blades
   494 | D:4      | Reached skill level 1 in Axes
   494 | D:4      | Reached skill level 1 in Maces & Flails
   494 | D:4      | Reached skill level 1 in Polearms
   494 | D:4      | Reached skill level 1 in Staves
   494 | D:4      | Reached skill level 1 in Slings
   494 | D:4      | Reached skill level 1 in Bows
   494 | D:4      | Reached skill level 1 in Crossbows
   494 | D:4      | Reached skill level 1 in Throwing
   494 | D:4      | Reached skill level 1 in Armour
   494 | D:4      | Reached skill level 1 in Shields
   494 | D:4      | Reached skill level 1 in Unarmed Combat
   494 | D:4      | Reached skill level 1 in Evocations
   494 | D:4      | Reached XP level 4. HP: 28/32 MP: 6/11
   540 | D:4      | Killed a phantom
   540 | D:4      | Reached skill level 1 in Conjurations
   540 | D:4      | Reached skill level 1 in Hexes
   540 | D:4      | Reached skill level 1 in Charms
   540 | D:4      | Reached skill level 1 in Summonings
   540 | D:4      | Reached skill level 1 in Translocations
   540 | D:4      | Reached skill level 1 in Transmutations
   540 | D:4      | Reached skill level 1 in Fire Magic
   540 | D:4      | Reached skill level 1 in Ice Magic
   540 | D:4      | Reached skill level 1 in Air Magic
   540 | D:4      | Reached skill level 1 in Earth Magic
   540 | D:4      | Reached skill level 1 in Poison Magic
   540 | D:4      | Reached XP level 5. HP: 29/37 MP: 3/12
   682 | D:6      | Noticed a sky beast
   720 | D:5      | Noticed Sigmund
   723 | D:5      | Noticed a sky beast
   729 | D:5      | HP: 2/37 [something (3)]
   729 | D:5      | Slain by a sky beast

Skill      XL: |  1  2  3  4 |
---------------+-------------+-----
Spellcasting   | 5 |  5.2
Invocations    | 1 |  1.8
Fighting       | 1 |  1.6
Short Blades   | 1 |  1.6
Long Blades    | 1 |  1.6
Axes           | 1 |  1.6
Maces & Flails | 1 |  1.6
Polearms       | 1 |  1.6
Staves         | 1 |  1.6
Slings         | 1 |  1.6
Bows           | 1 |  1.6
Crossbows      | 1 |  1.6
Throwing       | 1 |  1.6
Armour         | 1 |  1.6
Shields        | 1 |  1.6
Unarmed Combat | 1 |  1.6
Evocations     | 1 |  1.6
Conjurations   | 1 |  1.2
Hexes          | 1 |  1.2
Charms         | 1 |  1.2
Summonings     | 1 |  1.2
Translocations | 1 |  1.2
Transmutations | 1 |  1.2
Fire Magic     | 1 |  1.2
Ice Magic      | 1 |  1.2
Air Magic      | 1 |  1.2
Earth Magic    | 1 |  1.2
Poison Magic   | 1 |  1.2
Dodging        | |  4.8
Stealth        | |  4.4
Necromancy     | |  7.2

Action                   |  1- 3 |  4- 6 || total
-------------------------+-------+-------++-------
Melee: Dagger            |     8 |       ||     8
       Bite              |     2 |     2 ||     4
       Morningstar       |    10 |    16 ||    26
 Cast: Pain              |    33 |    12 ||    45
       Regeneration      |     3 |     5 ||     8
Evoke: Wand              |       |     1 ||     1
  Use: Potion            |     1 |       ||     1
       Scroll            |       |     1 ||     1
Armor: Robe              |     1 |     1 ||     2
Dodge: Dodged            |    14 |    11 ||    25

Table legend:
 A = Turns spent in this place as a percentage of turns spent in the entire game.
 B = Non-inter-level travel turns spent in this place as a percentage of non-inter-level travel turns spent in the entire game.
 C = Inter-level travel turns spent in this place as a percentage of turns spent in this place.
 D = Turns resting spent in this place as a percentage of non-inter-level travel turns spent in this place.
 E = Turns spent auto-exploring this place as a percentage of non-inter-level travel turns spent in this place.
 F = Non-inter-level travel turns spent in this place divided by the number of levels of this place that you've seen.
                   A       B       C       D       E      F
               +-------+-------+-------+-------+-------+----------------------
         Total | 100.0 | 100.0 |   0.0 |   0.0 |   0.0 | 121.5
       Dungeon | 100.0 | 100.0 |   0.0 |   0.0 |   0.0 | 121.5
               +-------+-------+-------+-------+-------+----------------------

Table legend:
 A = Kills in this place as a percentage of kills in entire the game.
 B = Kills by you in this place as a percentage of kills by you in the entire game.
 C = Kills by friends in this place as a percentage of kills by friends in the entire game.
 D = Other kills in this place as a percentage of other kills in the entire game.
 E = Experience gained in this place as a percentage of experience gained in the entire game.
 F = Experience gained in this place divided by the number of levels of this place that you have seen.
                   A       B       C       D       E      F
               +-------+-------+-------+-------+-------+----------------------
         Total | 100.0 | 100.0 |   N/A |   N/A | 100.0 |  47.3
       Dungeon | 100.0 | 100.0 |   N/A |   N/A | 100.0 |  47.3
               +-------+-------+-------+-------+-------+----------------------

Vault maps used:
D:1:      minmay_arrival_doors, serial_park_tiny_pond, minmay_small_reverse_x
D:2:      grunt_gozag_breadcrumbs
D:4:      old_standard_altar, first_ration, kennysheep_generic_room_3
D:5:      kennysheep_mini_moat, bloody_trog, uniq_sigmund
D:6:      gammafunk_steamed_eel, minmay_temple_entry_overgrown
